 Dungeon Crawl Stone Soup version 0.29-a0-284-gf9362112df (webtiles) character file.

Game seed: 6204931931874005764

83 being54 the Sneak (level 4, 0/21 HPs)
             Began as a Spriggan Enchanter on Mar 22, 2022.
             Slain by a phantom (3 damage)
             ... on level 2 of the Dungeon.
             The game lasted 00:05:23 (2623 turns).

being54 the Sneak (Spriggan Enchanter)              Turns: 2623, Time: 00:05:24

Health: 0/21       AC:  2    Str:  4    XL:     4   Next: 22%
Magic:  5/9        EV: 17    Int: 16    God:
Gold:   737        SH:  0    Dex: 17    Spells: 6/8 levels left

rFire   . . .      SeeInvis +   a - +2 dagger
rCold   . . .      Faith    .   (no shield)
rNeg    . . .      Spirit   .   b - +0 robe
rPois   .          Reflect  .   (helmet restricted)
rElec   .          Harm     .   (no cloak)
rCorr   .          Rampage  .   (gloves unavailable)
Will    .....                   (boots unavailable)
Stlth   ++++......              (no amulet)
HPRegen 0.07/turn               (no ring)
MPRegen 0.11/turn               (no ring)

@: very slightly contaminated, invisible, very quick
A: very small, no large weapons, unfitting armour, see invisible, speed 3
a: no special abilities


You were on level 2 of the Dungeon.
You visited 1 branch of the dungeon, and saw 2 of its levels.

You collected 737 gold pieces.

Inventory:

Hand Weapons
 a - a +2 dagger (weapon)
Armour
 b - a +0 robe (worn)
Scrolls
 h - a scroll of teleportation
 i - a scroll of magic mapping
Potions
 c - a potion of invisibility
 d - 3 potions of heal wounds
 e - a potion of haste {unknown}
 f - 2 potions of attraction
 g - 2 potions of mutation {unknown}
 j - a potion of flight {unknown}
 k - 3 potions of curing {unknown}


   Skills:
 - Level 1.2 Short Blades
 - Level 2.8 Dodging
 * Level 6.8 Stealth
 - Level 2.7 Spellcasting
 + Level 4.5 Hexes


You had 6 spell levels left.
You knew the following spells:

 Your Spells              Type           Power      Damage    Failure   Level
a - Ensorcelled Hibernat  Hex/Ice        18%        N/A       12%         2

Your spell library contained the following spells:

 Spells                   Type           Power      Damage    Failure   Level
 Confusing Touch          Hex            16%        N/A       9%          3
 Tukima's Dance           Hex            16%        N/A       9%          3
 Foxfire                  Conj/Fire      8%         2x1d4     19%         1
 Dazzling Flash           Conj/Hex       18%        N/A       22%         3
 Inner Flame              Hex/Fire       9%         N/A       22%         3
 Conjure Flame            Conj/Fire      2%         6-21      50%         3
 Spider Form              Tmut/Pois      2%         N/A       50%         3
 Anguish                  Hex/Necr       4%         N/A       58%         4
 Flame Wave               Conj/Fire      2%         2d4       88%         4


Dungeon Overview and Level Annotations

Branches:
Dungeon (2/15)

Altars:

Shops:
D:2 *


Innate Abilities, Weirdness & Mutations

You are very small and have problems with some larger weapons.
You are too small for most types of armour.
You have supernaturally acute eyesight. (SInv)
You cover ground extremely quickly. (Speed+++)


Message History

There is an open door here.
You hit the phantom but do no damage. The phantom misses you.
You closely miss the phantom. The phantom hits you.
You barely miss the phantom. The phantom hits you.
The phantom blinks!
You blink.
You closely miss the phantom. The phantom misses you.
You hit the phantom.
The phantom is lightly damaged.
The phantom misses you.
You barely miss the phantom.
The phantom is lightly damaged.
The phantom hits you.
You closely miss the phantom.
The phantom is lightly damaged.
The adder hisses angrily.
The ball python hisses angrily.
The phantom misses you. The dart slug bites you.
Casting: Ensorcelled Hibernation (safe; 12% risk of failure)
Confirm with . or Enter, or press ? or * to list all spells.
Aiming: Ensorcelled Hibernation (safe; 12% risk of failure)
Press: ? - help, Shift-Dir - straight line, f - dart slug
Aim: a dart slug (chance to affect: 61%)
The dart slug looks drowsy...
The phantom barely misses you.
The helpless dart slug fails to defend itself.
You impale the dart slug!!
You kill the dart slug!
The phantom closely misses you.
Casting: Ensorcelled Hibernation (safe; 12% risk of failure)
Confirm with . or Enter, or press ? or * to list all spells.
Aiming: Ensorcelled Hibernation (safe; 12% risk of failure)
Press: ? - help, Shift-Dir - straight line, f - adder
Aim: an adder (chance to affect: 51%)
You miscast Ensorcelled Hibernation.
You are very lightly contaminated with residual magic.
Nothing appears to happen.
The phantom hits you. The adder bites you.
The ball python closely misses you. x2
You fade into invisibility!
The adder bites you.
* * * LOW HITPOINT WARNING * * *
The phantom hits you.
You die...

##.# #...#................# <#.#
###....##'##..........## .#.#
##...####...####[..>....# .#.#
##..###[.#...# ###..##..## .#.#
#..##†#..#...# ##.##..## .#.#
#..'..#).#...# +.##..#♣
.#.####..##.#..#...# ##..#....
##'##.....###..#WS.# ###.....###
............##'#@Sw#+##...###.###
..........#....#####.....## #....
..........####........##..# #.###
..###.....# ##.......###.###.#..
..# #.....# ######### #).##.#.#
..# #....)# ##.##.#.# ..# #######
#..#.#.. ..# ##.#.### ..# #...#..


You could see a phantom (can't see you), a worm (can't see you), an adder (can't
see you) and a ball python (can't see you).

Vanquished Creatures
  Jessica (D:2)
  An adder (D:2)
  A worm (D:2)
  5 dart slugs
  5 endoplasms
  2 giant cockroaches
  3 goblins
  2 hobgoblins (D:1)
  5 kobolds
  2 quokkas
  3 ball pythons
  2 bats
  5 rats
37 creatures vanquished.

Notes
Turn   | Place    | Note
-------+----------+-------------------------------------------
     0 | D:1      | being54 the Spriggan Enchanter began the quest for the Orb.
     0 | D:1      | Reached XP level 1. HP: 9/9 MP: 5/5
   190 | D:1      | Found a faded altar of an unknown god.
   286 | D:1      | Identified a scroll of acquirement
   286 | D:1      | Acquired 695 gold pieces
   381 | D:1      | Reached XP level 2. HP: 7/13 MP: 6/6
   394 | D:1      | Reached skill level 5 in Stealth
   398 | D:1      | Learned a level 2 spell: Ensorcelled Hibernation
  1405 | D:2      | Reached XP level 3. HP: 16/16 MP: 8/8
  1571 | D:2      | Found Kuuxen's Assorted Antiques.
  1618 | D:2      | Reached skill level 6 in Stealth
  2253 | D:2      | Noticed Jessica
  2265 | D:2      | Killed Jessica
  2266 | D:2      | Reached XP level 4. HP: 21/21 MP: 2/9
  2606 | D:2      | Noticed a phantom
  2623 | D:2      | Slain by a phantom

Illustrated notes

Levels and vault maps discovered:
D:1:      minmay_arrival_three_doors, layout_loops_ring,
          hellmonk_ecumenical_altar_crossroads
D:2:      layout_basic, serial_shops, nicolae_shop_trees,
          minmay_divided_ellipse, uniq_jessica

Skill      XL: |  1  2  3 |
---------------+----------+-----
Stealth        | 5 6 |  6.8
Hexes          | 4 |  4.5
Short Blades   | |  1.2
Dodging        | |  2.8
Spellcasting   | |  2.7

Action                   |  1- 3 |  4- 6 || total
-------------------------+-------+-------++-------
Melee: Dagger            |    91 |    18 ||   109
 Cast: Ensorcelled Hiber |     6 |     2 ||     8
  Use: Scroll            |     7 |       ||     7
       Potion            |       |     1 ||     1
 Stab: Sleeping          |    12 |     4 ||    16
Armor: Robe              |     1 |     2 ||     3
Dodge: Dodged            |    51 |    13 ||    64

Table legend: (Time is in decaauts)
 A = Elapsed time spent in this place.
 B = Non-inter-level travel time spent in this place.
 C = Inter-level travel time spent in this place.
 D = Time resting spent in this place.
 E = Time spent auto-exploring this place.
 F = Levels seen in this place.
 G = Mean time per level.
                   A        B        C        D        E       F      G
               +--------+--------+--------+--------+--------+-----+--------+
         Total |   2161 |   2150 |     11 |    558 |   1338 |   2 | 1080.5 |
       Dungeon |   2161 |   2150 |     11 |    558 |   1338 |   2 | 1080.5 |
               +--------+--------+--------+--------+--------+-----+--------+

Top non-repeatable levels by time:
     D:2: 1227 daAuts
     D:1: 934 daAuts
